 Dungeon Crawl Stone Soup version 0.26.0-9-gab577f9fc5 (webtiles) character file.

Game seed: 12964999030664217868

312 Descartes the Conjurer (level 6, -5/32 HPs)
             Began as a Deep Elf Conjurer on Jan 12, 2021.
             Was an Initiate of Gozag.
             Slain by a sky beast (6 damage)
             ... on level 5 of the Dungeon on Jan 13, 2021.
             The game lasted 00:10:26 (4679 turns).

Descartes the Conjurer (Deep Elf Conjurer)          Turns: 4679, Time: 00:10:28

Health: -5/32      AC:  3    Str:  5    XL:     6   Next: 18%
Magic:  12/15      EV: 12    Int: 24    God:    Gozag
Gold:   182        SH:  0    Dex: 11    Spells: 9/15 levels left

rFire    . . .     SeeInvis .   C - +2 short sword (venom)
rCold    . . .     Faith    .   (no shield)
rNeg     + . .     Spirit   .   N - +0 leather armour
rPois    .         Reflect  .   (helmet restricted)
rElec    .         Harm     .   K - scarf {repulsion}
rCorr    .         Rampage  .   (no gloves)
Will     +....                  (no boots)
Stlth    ++........             M - amulet of regeneration
HPRegen  0.50/turn              k - ring of positive energy
MPRegen  0.14/turn              t - +4 ring of slaying

@: repel missiles
A: antennae 1, clumsy 1, strong-willed 1
a: Renounce Religion, Potion Petition, Call Merchant, Bribe Branch


You were on level 5 of the Dungeon.
You worshipped Gozag.
Gozag was aware of your devotion.
You visited 2 branches of the dungeon, and saw 6 of its levels.

You collected 249 gold pieces.
You paid 67 gold pieces to Gozag.

Inventory:

Hand Weapons
 c - a +0 spear
 g - a +0 dagger of venom
 v - a +1 dagger of holy wrath
 w - a +0 quarterstaff
 B - a +0 hunting sling
 C - a +2 short sword of venom (weapon)
Missiles
 i - 30 poisoned darts
 j - 40 sling bullets
 m - 37 bolts
 p - 264 stones
Armour
 a - a +0 robe
 y - a +0 buckler
 D - a +1 helmet
 K - a scarf of repulsion (worn)
 N - a +0 leather armour (worn)
Jewellery
 k - a ring of positive energy (left hand)
 t - a +4 ring of slaying (right hand)
 M - an amulet of regeneration (around neck)
Wands
 I - a wand of paralysis (5)
 L - a wand of iceblast (10)
Scrolls
 d - 4 scrolls of teleportation {unknown}
 l - a scroll of amnesia {unknown}
 n - 2 scrolls of identify {unknown}
 o - a scroll of enchant armour {unknown}
 r - a scroll of fog {unknown}
 s - a scroll of remove curse {unknown}
 u - a scroll of immolation {unknown}
 F - 2 scrolls of blinking {unknown}
 G - a scroll of enchant weapon {unknown}
 H - a scroll of magic mapping {unknown}
 J - a scroll of fear {unknown}
Potions
 b - 3 potions of curing {unknown}
 e - a potion of invisibility {unknown}
 f - 3 potions of mutation
 h - a potion of resistance {unknown}
 q - a potion of degeneration {unknown}
 x - a potion of brilliance {unknown}
 z - 3 potions of haste {unknown}
 A - a potion of heal wounds {unknown}
 E - a potion of flight {unknown}


   Skills:
 + Level 1.4 Short Blades
 - Level 3.0 Dodging
 + Level 4.7 Stealth
 + Level 1.4 Shields
 - Level 5.0 Spellcasting
 + Level 5.6 Conjurations


You had 9 spell levels left.
You knew the following spells:

 Your Spells              Type           Power        Failure   Level
a - Magic Dart            Conj           100%         1%          1
b - Searing Ray           Conj           66%          2%          2
c - Dazzling Flash        Conj/Hex       38%          14%         3

Your spell library contained the following spells:

 Spells                   Type           Power        Failure   Level
 Summon Small Mammal      Summ           24%          14%         1
 Call Imp                 Summ           6%           22%         2
 Call Canine Familiar     Summ           6%           41%         3
 Confusing Touch          Hex            6%           41%         3
 Gell's Gravitas          Tloc           3%           41%         3
 Summon Guardian Golem    Hex/Summ       6%           41%         3
 Fulminant Prism          Conj/Hex       9%           43%         4
 Iskenderun's Mystic Bla  Conj/Tloc      19%          43%         4
 Petrify                  Tmut/Erth      6%           82%         4
 Summon Ice Beast         Ice/Summ       6%           82%         4
 Summon Lightning Spire   Summ/Air       6%           82%         4
 Metabolic Englaciation   Hex/Ice        3%           99%         5
 Yara's Violent Unravell  Hex/Tmut       3%           99%         5


Dungeon Overview and Level Annotations

Branches:
Dungeon (5/15)             Temple (1/1) D:4

Altars:
Ashenzari
Dithmenos
Elyvilon
Gozag
Hepliaklqana
Makhleb
Nemelex Xobeh
Okawaru
Ru
Trog
Wu Jian
Yredelemnul
Zin


Innate Abilities, Weirdness & Mutations

You have a pair of small antennae on your head.
You are clumsy. (Dex -2)
You are strong-willed. (Will+)


Message History

The sky beast flickers out of sight!
Deactivating autopickup; reactivate with Ctrl-A.
Something hits you but does no damage. Something hits you.
Something shocks you.
* * * LOW HITPOINT WARNING * * *
You hit something. Something barely misses you.
You closely miss something. Something hits you.
* * * LOW HITPOINT WARNING * * *
Something shocks you.
* * * LOW HITPOINT WARNING * * *
Unknown command.
It was a potion of mutation.
You feel extremely strange.
You feel clumsy. A pair of antennae grows on your head!
Your +1 helmet falls away!
You feel strong-willed. Something hits you.
* * * LOW HITPOINT WARNING * * *
Something shocks you.
You die...
Your body crumbles into a pile of gold.

...... #......
####..8....
#...$......
#.######### #.#
#.# #{# $ #@# #.#
#.#
################.#
.................#
##################


There were no monsters in sight!

Vanquished Creatures
  An ogre (D:4)
  A bullfrog skeleton (D:4)
  A worker ant (D:5)
  Robin (D:3)
  7 adders
  2 worms
  A dart slug (D:2)
  2 leopard geckos (D:1)
  8 orcs
  22 goblins
  8 hobgoblins
  8 jackals
  2 quokkas
  8 bats (D:1)
  5 frilled lizards
  4 kobolds
  A quokka skeleton (D:4)
  4 rats
  A toadstool (D:1)
87 creatures vanquished.

Vanquished Creatures (others)
  5 plants (D:4)
  3 toadstools (D:1)
8 creatures vanquished.

Grand Total: 95 creatures vanquished

Notes
Turn   | Place    | Note
-------+----------+-------------------------------------------
     0 | D:1      | Descartes the Deep Elf Conjurer began the quest for the
                  | Orb.
     0 | D:1      | Reached XP level 1. HP: 10/10 MP: 6/6
   239 | D:1      | Reached XP level 2. HP: 15/15 MP: 5/8
   900 | D:1      | Reached XP level 3. HP: 19/19 MP: 6/10
  1447 | D:2      | You fall into a shaft and drop 1 floor!
  1648 | D:3      | Learned a level 2 spell: Searing Ray
  1652 | D:3      | Learned a level 3 spell: Dazzling Flash
  1672 | D:3      | Reached XP level 4. HP: 24/24 MP: 9/12
  1673 | D:3      | Reached skill level 5 in Conjurations
  1736 | D:3      | Upgraded the game from 0.26.0-8-g74fc34ddfb to
                  | 0.26.0-9-gab577f9fc5
  2225 | D:3      | Noticed Robin
  2232 | D:3      | Killed Robin
  2972 | D:4      | Reached XP level 5. HP: 26/28 MP: 7/13
  3127 | D:4      | Found a staircase to the Ecumenical Temple.
  3147 | Temple   | Entered the Ecumenical Temple
  3795 | D:4      | Noticed an ogre
  3805 | D:4      | Killed an ogre
  3806 | D:4      | Reached skill level 1 in Short Blades
  3806 | D:4      | Reached skill level 1 in Shields
  3998 | D:4      | Reached XP level 6. HP: 27/32 MP: 7/15
  4068 | D:4      | Found a shadowy altar of Dithmenos.
  4429 | D:4      | Found a faded altar of an unknown god.
  4429 | D:4      | Found a bloodstained altar of Trog.
  4434 | D:4      | Found a white marble altar of Elyvilon.
  4436 | D:4      | Found an opulent altar of Gozag.
  4438 | D:4      | Found a faded altar of an unknown god.
  4442 | D:4      | Became a worshipper of Gozag Ym Sagoz the Greedy
  4503 | D:5      | Entered Level 5 of the Dungeon
  4601 | D:5      | Reached skill level 5 in Spellcasting
  4655 | D:5      | Noticed a sky beast
  4679 | D:5      | Gained mutation: You are clumsy. (Dex -2) [potion of
                  | mutation]
  4679 | D:5      | Gained mutation: You have a pair of small antennae on your
                  | head. [potion of mutation]
  4679 | D:5      | Gained mutation: You are strong-willed. (Will+) [potion of
                  | mutation]
  4679 | D:5      | HP: 1/32 [something (1)]
  4679 | D:5      | Slain by a sky beast

Illustrated notes

Levels and vault maps discovered:
D:1:      ldierk_water_garden, layout_loops_ring, kennysheep_crisscross
D:2:      minmay_door_path, layout_basic, cheibriados_altar_1,
          old_standard_altar, minitemple
D:3:      kennysheep_goblin_castle, layout_basic, st_stairs_13,
          kennysheep_cross_bottleneck
D:4:      layout_loops_cross, nicolae_dithmenos_the_darkroom,
          chequers_temple_overflow_minitemple, minmay_temple_entry_wispy,
          serial_bayou_pond_a
D:5:      layout_basic, serial_shops, nicolae_shop_trees, st_stairs_1
Temple:   compressed_dpeg_triangle_lava_temple

Skill      XL: |  1  2  3  4  5  6 |
---------------+-------------------+-----
Stealth        | 3 4 |  4.7
Dodging        | 3 |  3.0
Spellcasting   | 4 5 |  5.0
Conjurations   | 5 |  5.6
Short Blades   | 1 |  1.4
Shields        | 1 |  1.4

Action                   |  1- 3 |  4- 6 || total
-------------------------+-------+-------++-------
Melee: Unarmed           |    14 |       ||    14
       Short sword       |       |    14 ||    14
 Cast: Magic Dart        |    77 |   126 ||   203
       Searing Ray       |       |     1 ||     1
  Use: Potion            |       |     1 ||     1
Armor: Robe              |       |     7 ||     7
       Leather armour    |       |     3 ||     3
Dodge: Dodged            |     5 |    32 ||    37
